 Dungeon Crawl Stone Soup version 0.31-a0-965-g8a8ce12e04 (webtiles) character file.

Game seed: 11759864726728134442

2427 Dittersdorf the Covered (level 9, 0/57 HPs)
             Began as a Gargoyle Fighter on Oct 26, 2023.
             Was an Initiate of Gozag.
             Slain by Maggie
             ... wielding a +2 long sword of flaming
              (5 damage)
             ... on level 7 of the Dungeon.
             The game lasted 00:09:36 (6492 turns).

Dittersdorf the Covered (Gargoyle Fighter)          Turns: 6492, Time: 00:09:37

Health: 0/57       AC: 18    Str: 24    XL:     9   Next: 48%
Magic:  9/9        EV:  8    Int: 15    God:    Gozag
Gold:   575        SH:  5    Dex:  9    Spells: 8/8 levels left

rFire   . . .        p - +3 flail (holy)
rCold   . . .        c - +0 buckler
rNeg    + . .        f - +0 chain mail
rPois   ∞            (no helmet)
rElec   +            (no cloak)
rCorr   .            o - +0 pair of gloves
SInv    .            (no boots)
Will    .....        (no amulet) Stlth
                     j - +6 ring of intelligence
HPRegen 0.29/turn    (no ring)
MPRegen 0.11/turn

%: no passive effects
@: silenced
A: sickness immunity, AC +6, negative energy resistance 1, electricity
resistance, torment resistance 1, petrification resistance
a: Renounce Religion


You were on level 7 of the Dungeon.
You worshipped Gozag.
Gozag was pleased with you.
You visited 1 branch of the dungeon, and saw 9 of its levels.

You collected 728 gold pieces.
You paid 153 gold pieces to Gozag.

Inventory:

Hand Weapons
 p - a +3 flail of holy wrath (weapon)
Missiles
 g - 26 poisoned darts (quivered)
 w - a throwing net
Armour
 c - a +0 buckler (worn)
 f - a +0 chain mail (worn)
 o - a +0 pair of gloves (worn)
Jewellery
 j - a +6 ring of intelligence (left hand)
Wands
 h - a wand of acid (6)
 s - a wand of mindburst (2)
Scrolls
 i - 7 scrolls of teleportation
 l - a scroll of blinking {unknown}
 n - a scroll of revelation
 r - a scroll of enchant armour {unknown}
 u - 2 scrolls of immolation {unknown}
 v - a scroll of fog {unknown}
Potions
 a - 2 potions of brilliance {unknown}
 b - 2 potions of enlightenment
 d - 2 potions of might
 e - 2 potions of lignification {unknown}
 k - 2 potions of degeneration {unknown}
 m - 2 potions of curing
 q - a potion of berserk rage {unknown}
 t - a potion of heal wounds


   Skills:
 + Level 7.6 Fighting
 + Level 6.5 Maces & Flails
 + Level 7.6 Armour
 + Level 7.5 Shields


You had 8 spell levels left.
You didn't know any spells.
Your spell library contained the following spells:

 Spells                   Type           Power      Damage    Failure   Level
 Foxfire                  Conj/Fire      0%         2x1d4     83%         1
 Plasma Beam              Fire/Air       0%         2x1d10    100%        6
 Starburst                Conj/Fire      0%         6d3       100%        6


Dungeon Overview and Level Annotations

Branches:
Dungeon (9/15)
 Temple: D:4-7         Lair: D:8-11         Orc: D:9-12

Altars:
Gozag
Sif Muna
Xom

Annotations:
D:3 3 runed translucent doors, Sirjeffry24's ghost, weakling DsFi
D:7 Maggie


Innate Abilities, Weirdness & Mutations

You are immune to sickness and miasma.
Your stone body is resilient. (AC +6)
You are immune to poison.
You resist negative energy. (rN+)
You are resistant to electric shocks. (rElec)
You are resistant to unholy torment.
You are immune to petrification.


Message History

* * * LOW HITPOINT WARNING * * *
You block the orc's attack.
The orc hits you from afar with a +0 trident.
* * * LOW HITPOINT WARNING * * *
The orc priest hits you but does no damage.
The orc hits you from afar with a +0 trident.
* * * LOW HITPOINT WARNING * * *
The orc priest hits you with a +0 hand axe.
* * * LOW HITPOINT WARNING * * *
Maggie gestures at you while chanting.
The bolt of fire hits you but does no damage.
You are too injured to fight recklessly!
You are too injured to fight recklessly!
You are too injured to fight recklessly!
You are too injured to fight recklessly!
You are too injured to fight recklessly!
You are too injured to fight recklessly!
You are too injured to fight recklessly!
You are too injured to fight recklessly!
You are too injured to fight recklessly!
You are too injured to fight recklessly!
You are too injured to fight recklessly!
You are too injured to fight recklessly!
You are too injured to fight recklessly!
You are too injured to fight recklessly!
As you read the scroll of silence, it crumbles to dust.
A profound silence engulfs you.
You are no longer entranced.
You block the orc's attack. The orc priest barely misses you.
The orc hits you but does no damage. Maggie hits you but does no damage.
The orc priest barely misses you.
There is a stone staircase leading up here.
You climb upwards.
There is a stone staircase leading down here.
You climb downwards.
Level annotation: Maggie The orc barely misses you.
The orc hits you but does no damage.
Maggie hits you with a +2 long sword of flaming.
You die...
Your body crumbles into a pile of gold.

#### ...
####.#
#####.o..#
#.....#@.#
+.$.o@#@.#
#..ooo#o##
#...o.#..
#.....####
#......
###'### #.
##


You could see Maggie and 2 orcs.

Vanquished Creatures
  A kobold demonologist (D:9)
  2 ice beasts (D:6)
  4 black bears
  2 centaurs
  An ogre (D:4)
  2 kobold brigands (D:3)
  3 scorpions (D:5)
  A gnoll sergeant (D:6)
  5 wights (D:7)
  2 hounds (D:4)
  4 orc priests
  A jelly (D:4)
  Terence (D:2)
  2 iguanas
  3 orc wizards
  5 adders
  17 gnolls
  4 ufetubi
  A worm (D:5)
  3 dart slugs
  14 orcs
  10 bats
  An endoplasm (D:3)
  6 giant cockroaches
  6 goblins
  13 hobgoblins
  2 jackals (D:2)
  7 quokkas
  5 ball pythons
  3 frilled lizards
  57 kobolds
  4 rats
192 creatures vanquished.

Notes
Turn   | Place    | Note
-------+----------+-------------------------------------------
     0 | D:1      | Dittersdorf the Gargoyle Fighter began the quest for the
                  | Orb.
     0 | D:1      | Reached XP level 1. HP: 14/14 MP: 1/1
   118 | D:1      | Reached XP level 2. HP: 19/19 MP: 2/2
   439 | D:1      | Found a faded altar of an unknown god.
   746 | D:2      | Reached XP level 3. HP: 22/23 MP: 3/3
   862 | D:2      | Noticed Terence
   877 | D:2      | Killed Terence
   878 | D:2      | Reached XP level 4. HP: 20/29 MP: 4/4
  1454 | D:3      | Found a runed translucent gate.
  1454 | D:3      | Found a runed translucent gate.
  1454 | D:3      | Found a runed translucent gate.
  1455 | D:3      | Noticed Sirjeffry24's ghost (weakling DsFi)
  1456 | D:3      | Noticed a kobold brigand
  1497 | D:3      | Identified the +3 spear of the Butterfly {flame, rF- rC-
                  | Str+3 Dex+8}
  1957 | D:3      | Reached XP level 5. HP: 18/33 MP: 5/5
  2416 | D:3      | Noticed a kobold brigand
  2425 | D:3      | Killed a kobold brigand
  2426 | D:3      | Reached XP level 6. HP: 34/39 MP: 6/6
  2494 | D:3      | Found the +5 woodcutter's axe
  2667 | D:3      | Reached skill level 5 in Armour
  2676 | D:3      | Reached skill level 5 in Fighting
  3155 | D:4      | Noticed a black bear
  3180 | D:3      | Reached skill level 5 in Shields
  3180 | D:3      | Reached XP level 7. HP: 41/44 MP: 7/7
  3751 | D:4      | Found a shimmering blue altar of Sif Muna.
  3832 | D:4      | Found a shimmering altar of Xom.
  4104 | D:5      | Entered Level 5 of the Dungeon
  4116 | D:4      | Reached XP level 8. HP: 47/51 MP: 8/8
  4549 | D:4      | Reached skill level 5 in Maces & Flails
  5399 | D:6      | Found an opulent altar of Gozag.
  5422 | D:6      | Became a worshipper of Gozag Ym Sagoz the Greedy
  5611 | D:6      | You fall into a shaft and drop 3 floors!
  5661 | D:9      | Noticed a kobold demonologist
  5664 | D:9      | Noticed a sixfirhy
  5664 | D:9      | Killed a kobold demonologist
  5665 | D:9      | Reached XP level 9. HP: 57/57 MP: 9/9
  6471 | D:7      | Noticed Maggie
  6482 | D:7      | HP: 2/57 [orc priest/+0 hand axe (4)]
  6492 | D:7      | Slain by Maggie

Illustrated notes

Levels and vault maps discovered:
D:1:      minmay_arrival_four_circles, layout_loops_ring,
          shapermc_ecumenical_altar_mp_highgroup, minmay_misc_feat_columns,
          columned_hall_lemuel
D:2:      layout_basic, corexii_corridor_pit, uniq_terence
D:3:      minmay_goblin_kobold_castle, layout_rooms,
          gammafunk_ghost_nasty_kobolds, minivault_11
D:4:      layout_basic, mainiacjoe_overflow_catch_the_wave
D:5:      layout_gridville, uniq_ijyb
D:6:      layout_rooms, nicolae_gozag_seed_capital,
          chequers_serial_rivers_small_b
D:7:      layout_basic, lemuel_round_altar, minmay_temple_entry_sparse_star,
          uniq_pikel, uniq_crazy_yiuf_cottage, uniq_maggie, uniq_jeremiah
D:8:      layout_rooms, minmay_shop_damaged, uniq_joseph
D:9:      layout_stronghold, david_lair_shrubbed

Skill      XL: |  1  2  3  4  5  6  7  8  9 |
---------------+----------------------------+-----
Fighting       | 4 5 7 |  7.6
Armour         | 4 5 7 |  7.6
Shields        | 4 5 7 |  7.5
Maces & Flails | 3 4 5 6 |  6.5

Action                     |  1- 3 |  4- 6 |  7- 9 || total
---------------------------+-------+-------+-------++-------
  Melee: Flail             |    87 |   319 |   269 ||   675
  Throw: Dart              |       |       |     8 ||     8
  Evoke: Wand              |       |       |     8 ||     8
    Use: Scroll            |       |     2 |     8 ||    10
 Armour: Scale mail        |    13 |       |       ||    13
         Chain mail        |    68 |   415 |   311 ||   794
  Dodge: Dodged            |    36 |   223 |   164 ||   423
  Block: Buckler           |    17 |   125 |    70 ||   212

Table legend: (Time is in decaauts)
 A = Elapsed time spent in this place.
 B = Non-inter-level travel time spent in this place.
 C = Inter-level travel time spent in this place.
 D = Time resting spent in this place.
 E = Time spent auto-exploring this place.
 F = Levels seen in this place.
 G = Mean time per level.
                   A        B        C        D        E       F      G
               +--------+--------+--------+--------+--------+-----+--------+
         Total |   6670 |   6341 |    329 |    966 |   3641 |   9 |  741.1 |
       Dungeon |   6670 |   6341 |    329 |    966 |   3641 |   9 |  741.1 |
               +--------+--------+--------+--------+--------+-----+--------+

Top non-repeatable levels by time:
     D:3: 1800 daAuts
     D:4: 1297 daAuts
     D:5: 1001 daAuts
     D:2: 772 daAuts
     D:1: 750 daAuts
     D:6: 688 daAuts
     D:7: 193 daAuts
     D:8: 85 daAuts
     D:9: 80 daAuts
